 Dungeon Crawl Stone Soup version 0.20-a0-915-gb278767 (webtiles) character file.

79 Rrauwl the Cudgeler (level 4, 0/28 HPs)
             Began as a Gargoyle Monk on Mar 25, 2017.
             Killed by nerve-wracking pain
             ... invoked by an orc priest
              (3 damage)
             ... on level 3 of the Dungeon.
             The game lasted 00:08:03 (1349 turns).

Rrauwl the Cudgeler (Gargoyle Monk)                 Turns: 1349, Time: 00:08:04

Health: 0/28       AC:  8    Str: 14    XL:     4   Next: 38%
Magic:  4/4        EV:  9    Int: 12    God:
Gold:   54         SH:  7    Dex: 16    Spells: 3/3 levels left

rFire    . . .     SeeInvis .   a - +1 mace
rCold    . . .     Gourm    .   k - +0 shield
rNeg     + . .     Faith    .   m - +0 ring mail
rPois    ∞         Spirit   .   (no helmet)
rElec    +         Reflect  .   (no cloak)
rCorr    .         Harm     .   (no gloves)
MR       .....                  (no boots)
Stlth    +.........             (no amulet)
Regen    0.1/turn               o - ring of flight
MPRegen  0.1/turn               (no ring)

@: no status effects
A: agile 2, negative energy resistance 1, electricity resistance, unbreathing,
petrification resistance, rot immunity, AC +3
a: Evoke Flight


You were on level 3 of the Dungeon.
You were not hungry.

You visited 1 branch of the dungeon, and saw 3 of its levels.

You collected 54 gold pieces.

Inventory:

Hand Weapons
 a - a +1 mace (weapon)
Armour
 k - a +0 shield (worn)
 m - a +0 ring mail (worn)
Jewellery
 o - a ring of flight (left hand)
Scrolls
 e - 2 scrolls of teleportation
 f - 2 scrolls of enchant weapon
 g - a scroll of identify
 l - a scroll of enchant armour
Comestibles
 b - 3 chunks of flesh
 c - 3 bread rations
 d - a royal jelly


   Skills:
 - Level 3.2 Fighting
 + Level 4.2 Maces & Flails
 + Level 3.3 Dodging
 - Level 2.1 Stealth


You had 3 spell levels left.
You didn't know any spells.

Dungeon Overview and Level Annotations

Branches:
Dungeon (3/15)

Altars:


Innate Abilities, Weirdness & Mutations

You are resistant to torment.
Your stone body is resilient. (AC +3)
You are immune to poison.
You resist negative energy. (rN+)
You are resistant to electric shocks. (rElec)
You can survive without breathing.
You are immune to petrification.
You are immune to rotting.
You are very agile. (Dex +4)


Message History

The orc priest is almost dead.
The orc closely misses you. The orc hits you but does no damage.
The orc priest hits you but does no damage.
Your shield prevents you from hitting the orc priest.
The orc priest is almost dead.
The orc barely misses you. The orc hits you but does no damage.
The orc priest hits you but does no damage.
The orc hits you but does no damage.
You hit the orc priest but do no damage.
The orc priest is almost dead.
The orc misses you. You block the orc priest's attack.
The orc hits you but does no damage. x2; The orc priest barely misses you.
You closely miss the orc priest.
The orc priest is almost dead.
The orc hits you.
* * * LOW HITPOINT WARNING * * *
The orc hits you but does no damage.
The orc priest invokes the aid of Beogh against you.
Pain shoots through your body!
You die...

#..##.# ##....##
..((...# ..##....#
........######
#...)....#####
##.....#.....#
#..##....###
#@#####.).###
#...ooo...##....#
#.........##.<#.#
#.........###.....#
#.............$....#
#..................#
#......≈P.≈.=.≈P.≈...
#######≈≈≈≈P.P≈≈P≈###
≈P≈PP≈≈≈P≈#


You could see an orc priest and 2 orcs.

Vanquished Creatures
  3 adders (D:2)
  An ooze (D:2)
  A dart slug (D:2)
  2 orcs (D:3)
  8 goblins
  7 hobgoblins
  3 jackals (D:2)
  3 kobolds
  A quokka (D:2)
  4 bats (D:1)
  2 frilled lizards (D:1)
  7 rats
42 creatures vanquished.

Notes
Turn   | Place    | Note
-------+----------+-------------------------------------------
     0 | D:1      | Rrauwl the Gargoyle Monk began the quest for the Orb.
     0 | D:1      | Reached XP level 1. HP: 14/14 MP: 1/1
   174 | D:1      | Reached XP level 2. HP: 12/19 MP: 2/2
   694 | D:1      | You fall through a shaft!
   712 | D:2      | Reached XP level 3. HP: 19/23 MP: 3/3
  1047 | D:2      | Reached skill level 4 in Maces & Flails
  1047 | D:2      | Reached XP level 4. HP: 27/28 MP: 4/4
  1061 | D:2      | Gained mutation: You are clumsy. (Dex -2) [potion of mutation]
  1061 | D:2      | Gained mutation: You have large cloven feet. [potion of mutation]
  1062 | D:2      | Lost mutation: You are clumsy. (Dex -2) [potion of mutation]
  1062 | D:2      | Lost mutation: You have large cloven feet. [potion of mutation]
  1062 | D:2      | Gained mutation: You are frail. (-10% HP) [potion of mutation]
  1062 | D:2      | Gained mutation: Your natural rate of healing is unusually fast. [potion of mutation]
  1062 | D:2      | Gained mutation: You are clumsy. (Dex -2) [potion of mutation]
  1062 | D:2      | Lost mutation: You are clumsy. (Dex -2) [potion of mutation]
  1063 | D:2      | Lost mutation: Your natural rate of healing is unusually fast. [potion of mutation]
  1063 | D:2      | Lost mutation: You are frail. (-10% HP) [potion of mutation]
  1063 | D:2      | Gained mutation: You are agile. (Dex +2) [potion of mutation]
  1063 | D:2      | Gained mutation: You are very agile. (Dex +4) [potion of mutation]
  1349 | D:3      | Killed from afar by an orc priest

Vault maps used:
D:1:      dpeg_arrival_more_subterranean_lakeside_camping, serial_bayou,
          serial_bayou_lagoon_a, serial_bayou_pond_b, serial_bayou_pond_c,
          serial_bayou_pond_c, minmay_close_crescents
D:2:      first_bread, minmay_statues_item
D:3:      serial_bayou, serial_bayou_pond_b, serial_bayou_shore_a,
          serial_bayou_pond_c, serial_bayou_ford_a, grunt_ministairs_1,
          trog_wizard

Skill      XL: |  1  2  3 |
---------------+----------+-----
Dodging        | 3 |  3.3
Maces & Flails | 4 |  4.2
Fighting       | |  3.2
Stealth        | |  2.1

Action                   |  1- 3 |  4- 6 || total
-------------------------+-------+-------++-------
Melee: Mace              |   117 |    39 ||   156
  Use: Potion            |       |     5 ||     5
       Scroll            |       |     4 ||     4
 Stab: Sleeping          |     4 |       ||     4
  Eat: Chunk             |     1 |     1 ||     2
Armor: Robe              |    31 |       ||    31
       Ring mail         |    13 |    32 ||    45
Dodge: Dodged            |    95 |    24 ||   119
Block: Shield            |    26 |    22 ||    48
